Map: New Gettysburg LE

Players

Fropez

  • Race: Protoss Protoss
  • League: Gold
  • Spawn Location: 7:00

MANBEARPIG - Winner!

  • Race: Terran Terran
  • League: Gold
  • Spawn Location: 5:00

VOD

Have the link to the VOD?

Description

Time

  • Played on: Oct. 25, 2016, 6:27 p.m.
  • Length: 9:06
Show
View Real Time Build Order
Export as new Build Order

Fropez Protoss 

Build Orders:  

Get SALT Encoding   

  12  0:02  Probe (Chrono Boost)  
  13  0:16  Pylon  
  13  0:18  Probe (Chrono Boost)  
  14  0:29  Probe (Chrono Boost)  
  15  0:39  Probe (Chrono Boost), Gateway  
  15  0:42  Gateway  
  17  0:50  Probe (Chrono Boost)  
  17  0:57  Assimilator  
  17  1:00  Probe (Chrono Boost)  
  18  1:07  Gateway  
  18  1:11  Probe (Chrono Boost)  
  19  1:23  Probe (Chrono Boost)  
  19  1:34  Probe (Chrono Boost)  
  20  1:45  Cybernetics Core  
  20  1:46  Probe (Chrono Boost)  
  21  1:47  Gateway  
  21  1:52  Pylon  
  21  1:56  Probe (Chrono Boost)  
  22  2:07  Probe (Chrono Boost)  
  23  2:12  Assimilator  
  23  2:17  Probe (Chrono Boost)  
  24  2:22  Warp Gate  
  24  2:28  Mothership Core (Chrono Boost)  
  26  2:44  Adept x2  
  30  2:50  Probe (Chrono Boost)  
  30  2:51  Pylon  
  31  3:04  Gateway  
  31  3:09  Adept, Probe (Chrono Boost)  
  31  3:10  Pylon  
  34  3:15  Adept  
  34  3:16  Pylon  
  36  3:25  Probe (Chrono Boost)  
  37  3:35  Twilight Council  
  37  3:36  Probe (Chrono Boost)  
  38  3:46  Probe (Chrono Boost)  
  39  4:07  Probe (Chrono Boost)  
  40  4:11  Adept x4  
  40  4:12  Resonating Glaives (Chrono Boost)  
  46  4:18  Probe  
  47  4:25  Robotics Facility  
  47  4:30  Probe  
  46  4:51  Stalker x2  
  46  4:52  Stalker x2  
  54  5:00  Probe  
  55  5:11  Nexus  
  55  5:33  Pylon  
  55  5:43  Pylon  
  55  5:45  Pylon  
  55  5:49  Pylon  
  55  5:51  Probe  
  44  6:17  Stalker x4  
  52  6:22  Assimilator  
  52  6:27  Probe x2  
  54  6:36  Assimilator  
  54  6:39  Probe  
  55  6:40  Immortal  
  55  6:45  Probe, Blink (Chrono Boost)  
  59  6:49  Gateway  
  60  6:56  Probe  
  60  6:58  Probe  
  62  7:08  Adept x4  
  66  7:13  Probe  
  66  7:14  Probe  
  72  7:19  Observer  
  73  7:31  Probe  
  73  7:33  Probe, Gateway  
  73  7:35  Gateway  
  75  7:41  Immortal  
  75  7:42  Probe  
  79  7:58  Stalker  
  79  7:59  Stalker x2  
  81  8:09  Adept  
  81  8:10  Adept  
  85  8:15  Pylon  
  74  8:28  Stalker x3  
  70  8:38  Adept x2  
  68  8:44  Pylon  
Show
View Real Time Build Order
Export as new Build Order

MANBEARPIG Terran - Winner!

Build Orders:  

Get SALT Encoding   

  12  0:01  SCV  
  13  0:13  SCV  
  14  0:19  Supply Depot  
  14  0:25  SCV  
  15  0:40  SCV  
  15  0:41  Barracks  
  16  0:53  SCV  
  17  1:16  Command Center  
  17  1:35  Refinery  
  17  1:37  Orbital Command, Refinery  
  17  1:42  Marine  
  18  2:10  SCV  
  19  2:24  SCV  
  20  2:31  Supply Depot  
  20  2:32  Orbital Command  
  20  2:35  Factory  
  20  2:48  Barracks  
  20  2:52  SCV  
  20  2:57  Barracks Tech Lab  
  20  2:58  Supply Depot  
  21  3:03  SCV  
  22  3:12  SCV  
  23  3:15  SCV  
  24  3:21  Stimpack  
  24  3:23  Marauder  
  24  3:25  Factory Reactor  
  26  3:29  Starport  
  26  3:44  Barracks Reactor  
  26  3:47  SCV  
  26  3:48  SCV  
  28  3:49  Marauder  
  28  3:55  Refinery  
  29  4:29  Orbital Command  
  29  4:38  Liberator  
  29  4:43  Marauder  
  29  4:44  Marine x2  
  33  4:46  SCV  
  33  4:49  Widow Mine  
  36  4:55  Medivac  
  36  4:58  SCV  
  42  5:04  Marine x2, Barracks  
  42  5:06  Marauder  
  46  5:15  SCV x2  
  46  5:20  Supply Depot  
  48  5:22  Concussive Shells  
  48  5:32  Marine x2  
  51  5:36  Marauder  
  43  6:13  Marine x2  
  43  6:14  Marauder  
  43  6:15  Marine  
  48  6:19  SCV  
  49  6:28  Medivac x2  
  49  6:31  Marine x2  
  55  6:45  Marine  
  55  6:46  Marine  
  57  6:49  Marine x2  
  57  6:54  Widow Mine  
  61  7:06  Liberator  
  61  7:13  Medivac  
  61  7:14  Marauder  
  62  7:23  Supply Depot  
  62  7:24  Marine x3, Supply Depot  
  68  7:35  Marauder  
  70  7:39  Refinery  
  70  7:45  Marine x3  
  70  7:48  Command Center  
  73  7:56  Marine  
  74  8:02  Marine x2  
  69  8:22  Marine x3, Marauder  
  69  8:26  Factory Tech Lab  
  63  8:39  Marine  
  63  8:40  Marine x2  
  62  8:44  Marauder  
Tags
 
League
GoldGold
Matchup
PvT
Replay Pack
All Mines
Spawn Locations
Close Positions
Add a new tag
Caveats
  • Supply blocks, unpowered buildings, or Contaminate may cause inaccurate times.
  • Supply counts are checked every 10 seconds.